 Dungeon Crawl Stone Soup version 0.31-a0-743-g45f7035092 (webtiles) character file.

Game seed: 6456847195160761525

7 Bravepunisher the Ducker (level 1, -2/11 HPs)
             Began as a Spriggan Monk on Sept 13, 2023.
             Frozen to death by an endoplasm (5 damage)
             ... on level 4 of the Dungeon.
             The game lasted 00:02:11 (594 turns).

Bravepunisher the Ducker (Spriggan Monk)             Turns: 594, Time: 00:02:12

Health: -2/11      AC:  2    Str:  7    XL:     1   Next: 83%
Magic:  2/2        EV: 19    Int: 11    God:
Gold:   38         SH:  0    Dex: 17    Spells: 0/0 levels left

rFire   . . .        a - +0 short sword
rCold   . . .        d - orb {light}
rNeg    . . .        b - +0 robe
rPois   .            (helmet restricted)
rElec   .            (no cloak)
rCorr   .            (gloves unavailable)
SInv    +            (boots unavailable)
Will    .....        (no amulet)
Stlth   +            (no ring)
HPRegen 0.21/turn    (no ring)
MPRegen 0.08/turn

%: no passive effects
@: glowing, very quick
A: very small, no large weapons, unfitting armour, see invisible, speed 3
a: no special abilities


You were on level 4 of the Dungeon.
You visited 1 branch of the dungeon, and saw 5 of its levels.

You collected 38 gold pieces.

Inventory:

Hand Weapons
 a - a +0 short sword (weapon)
Armour
 b - a +0 robe (worn)
 d - an orb of light (worn)
Scrolls
 e - a scroll of teleportation {unknown}
 f - a scroll of identify {unknown}
Potions
 c - a potion of ambrosia


   Skills:
 + Level 2.5 Fighting
 - Level 3.2 Short Blades
 * Level 4.4 Dodging


You couldn't memorise any spells.
You didn't know any spells.
Your spell library was empty.

Dungeon Overview and Level Annotations

Branches:
Dungeon (5/15)
 Temple: D:4-7

Altars:
Elyvilon
Ru

Shops:
D:4 *

Annotations:
D:4 Dowan, Duvessa
D:5 Eustachio


Innate Abilities, Weirdness & Mutations

You are very small and have problems with some larger weapons.
You are too small for most types of armour.
You have supernaturally acute eyesight. (SInv)
You cover ground extremely quickly. (Speed+++)


Message History

The orc wizard gestures wildly while chanting.
The orc wizard flickers and vanishes for a moment.
The orc priest shouts!
An orc comes into view. It is wielding a +0 hand axe.
The orc shouts!
A worm comes into view.
The orc wizard gestures at you while chanting.
You resist with significant effort.
Eustachio casts a spell.
Eustachio blinks!
There is a stone staircase leading up here.
You climb upwards.
Level annotation: Dowan, Duvessa The orc shouts! x4
The giant cockroach waves its antennae.
Found 10 gold pieces.
An orc comes into view. It is wielding a +0 falchion.
There is a stone staircase leading down here.
The orc shouts!
The giant cockroach closely misses you.
Found 8 stones.
The endoplasm quivers.
The endoplasm quivers.
The endoplasm barely misses you.
You hit the endoplasm but do no damage. The endoplasm misses you.
You hit the endoplasm.
The endoplasm is moderately wounded.
The endoplasm freezes you.
You are frozen.
The endoplasm hits you.
* * * LOW HITPOINT WARNING * * *
You hit the endoplasm but do no damage.
The endoplasm is moderately wounded.
The endoplasm barely misses you. The giant cockroach barely misses you.
The endoplasm misses you.
You hit the endoplasm.
The endoplasm is almost dead.
The endoplasm misses you. The giant cockroach misses you.
The endoplasm freezes you.
You are frozen.
You die...

#J# ...# #.# h..#
#####o## #.# ...#
#....... #.# ####
#$...... #.###
#....... #$..#
#.....oo ###>#
#...o... #.#######
#....... #...J@B.#
#......>
#...J##.##########.###
#.##.....o....o.o..#
#.#####.############
#.....(.# #########


You could see an orc, 2 endoplasms and a giant cockroach.

Vanquished Creatures
  A ball python (D:2)
  2 quokkas (D:2)
  3 bats (D:2)
  A frilled lizard (D:2)
7 creatures vanquished.

Notes
Turn   | Place    | Note
-------+----------+-------------------------------------------
     0 | D:1      | Bravepunisher the Spriggan Monk began the quest for the
                  | Orb.
     0 | D:1      | Reached XP level 1. HP: 11/11 MP: 2/2
     2 | D:2      | Found a sacrificial altar of Ru.
   429 | D:4      | Noticed a black bear
   465 | D:4      | Noticed Duvessa
   467 | D:4      | Noticed Dowan
   471 | D:4      | Found Taotije's Assorted Antiques.
   492 | D:4      | Found a white marble altar of Elyvilon.
   516 | D:5      | Entered Level 5 of the Dungeon
   516 | D:5      | Noticed an iguana
   522 | D:5      | Noticed an iguana
   528 | D:5      | Noticed a hound
   554 | D:5      | Noticed a black bear
   558 | D:5      | Noticed an iguana
   563 | D:5      | Noticed Eustachio
   564 | D:5      | Noticed an orc wizard
   565 | D:5      | Noticed an orc priest
   594 | D:4      | Frozen to death by an endoplasm

Illustrated notes

Levels and vault maps discovered:
D:1:      wander_arrival_desolate, layout_basic
D:2:      minmay_door_path, layout_loops_corners, basic_altar,
          grunt_ministairs_11, uniq_sigmund
D:3:      layout_rooms, lemuel_coloured_pillars_altar,
          shapermc_ecumenical_altar_acropolis, nicolae_elevator_lobby_plus
D:4:      layout_loops_cross, overflow_temple_1_default,
          nicolae_inconvenience_store, uniq_duvessa
D:5:      layout_rooms, uniq_eustachio

Action                     || total
---------------------------++-------
  Melee: Short sword       ||    27
 Armour: Robe              ||    14
  Dodge: Dodged            ||    43

Table legend: (Time is in decaauts)
 A = Elapsed time spent in this place.
 B = Non-inter-level travel time spent in this place.
 C = Inter-level travel time spent in this place.
 D = Time resting spent in this place.
 E = Time spent auto-exploring this place.
 F = Levels seen in this place.
 G = Mean time per level.
                   A        B        C        D        E       F      G
               +--------+--------+--------+--------+--------+-----+--------+
         Total |    377 |    377 |      0 |      0 |    175 |   5 |   75.4 |
       Dungeon |    377 |    377 |      0 |      0 |    175 |   5 |   75.4 |
               +--------+--------+--------+--------+--------+-----+--------+

Top non-repeatable levels by time:
     D:2: 261 daAuts
     D:4: 63 daAuts
     D:5: 34 daAuts
     D:3: 16 daAuts
     D:1: 1 daAuts
